 Dungeon Crawl Stone Soup version 0.24-a0-184-gcb5ae2c (webtiles) character file.

Game seed: 5349718592638959565

51 Dfrag the Firebug (level 3, -1/24 HPs)
             Began as a Demonspawn Fire Elementalist on Mar 15, 2019.
             Slain by Jessica
             ... wielding a +0 dagger
              (4 damage)
             ... on level 2 of the Dungeon.
             The game lasted 00:01:37 (1168 turns).

Dfrag the Firebug (Demonspawn Fire Elementalist)    Turns: 1168, Time: 00:01:38

Health: -1/24      AC:  2    Str:  8    XL:     3   Next: 57%
Magic:  7/7        EV: 12    Int: 17    God:
Gold:   68         SH:  0    Dex: 13    Spells: 6/7 levels left

rFire    . . .     SeeInvis .   i - +0 long sword
rCold    . . .     Gourm    .   (no shield)
rNeg     . . .     Faith    .   a - +0 robe
rPois    .         Spirit   .   (no helmet)
rElec    .         Reflect  .   (no cloak)
rCorr    +         Harm     +   (no gloves)
MR       .....     Rnd*Tele +   (no boots)
Stlth    ++........             b - amulet of harm
HPRegen  0.08/turn              g - ring of resist corrosion
MPRegen  0.10/turn              h - ring of teleportation (curse)

@: very slightly contaminated
A: talons 1
a: no special abilities


You were on level 2 of the Dungeon.
You were not hungry.

You visited 1 branch of the dungeon, and saw 2 of its levels.

You collected 68 gold pieces.

Inventory:

Hand Weapons
 e - a +0 dagger
 i - a +0 long sword (weapon)
Armour
 a - a +0 robe (worn)
Jewellery
 b - an amulet of harm (around neck)
 g - a ring of resist corrosion (left hand)
 h - a cursed ring of teleportation (right hand)
Scrolls
 d - 4 scrolls of identify {unknown}
 l - a scroll of immolation {unknown}
Potions
 f - 3 potions of magic
 j - a potion of haste {unknown}
Comestibles
 c - a ration
 k - a chunk of flesh


   Skills:
 - Level 1.7 Dodging
 - Level 1.7 Stealth
 + Level 2.6 Spellcasting
 + Level 2.1 Conjurations
 + Level 3.2 Fire Magic


You had 6 spell levels left.
You knew the following spells:

 Your Spells              Type           Power        Failure   Level  Hunger
a - Flame Tongue          Conj/Fire      ##...        6%          1    #......

Your spell library contained the following spells:

 Spells                   Type           Power        Failure   Level  Hunger
 Throw Flame              Conj/Fire      ##....       9%          2    ##.....
 Conjure Flame            Conj/Fire      ##......     19%         3    ###....
 Inner Flame              Hex/Fire       #.......     28%         3    ###....
 Sticky Flame             Conj/Fire      ##......     52%         4    #####..
 Fireball                 Conj/Fire      ##........   86%         5    ######.


Dungeon Overview and Level Annotations

Branches:
Dungeon (2/15)

Altars:
Cheibriados
Fedhas

Annotations:
D:2 Jessica


Innate Abilities, Weirdness & Mutations

You have sharp toenails.


Message History

Jessica casts a spell at you. Pain shoots through your body!
Jessica hits you with a +0 dagger.
You hit Jessica. Your kick misses Jessica.
Jessica is moderately wounded.
Jessica misses you.
You riposte.
You closely miss Jessica.
Jessica is moderately wounded.
Jessica barely misses you.
You barely miss Jessica. Your kick misses Jessica.
Jessica is moderately wounded.
Jessica hits you with a +0 dagger.
* * * LOW HITPOINT WARNING * * *
Jessica gestures wildly while chanting.
Jessica blinks!
Jessica mumbles some strange words.
Jessica blinks!
Things that are here:
a +0 club; a goblin corpse It was a potion of magic.
Magic courses through your body. Jessica hits you with a +0 dagger.
You die...

≈...#####.# #.#..#
#.#....#
........#.# #.#..#
#.#.##.#
.#.####.#.#
#.#..######.#..#.#
....# #.#
#.#............#.#
###+## #.#
#.#.#######.####.#
#....# #. #.#.#
#..).... #....#
#†#.##### ########
#....## #@#.....#
#.....# #@#####.#
#.....###.
#.#...#.#
..........
#.#.#.#.#
#####..##.
#.#.#.#.# #
#.#.#<#.#
#.#.###.#
#.#.....#
#.####### #.#


You could see Jessica.

Vanquished Creatures
  An adder (D:2)
  A leopard gecko (D:2)
  3 giant cockroaches
  4 goblins
  6 hobgoblins
  4 jackals (D:2)
  6 bats
  2 frilled lizards (D:1)
  4 kobolds
  6 rats
37 creatures vanquished.

Notes
Turn   | Place    | Note
-------+----------+-------------------------------------------
     0 | D:1      | Dfrag the Demonspawn Fire Elementalist began the quest for
                  | the Orb.
     0 | D:1      | Reached XP level 1. HP: 13/13 MP: 3/3
   432 | D:1      | Gained mutation: You have sharp toenails. [demonic
                  | ancestry]
   432 | D:1      | Reached XP level 2. HP: 19/19 MP: 0/5
   560 | D:1      | Reached skill level 3 in Fire Magic
   661 | D:1      | Found a snail-covered altar of Cheibriados.
   825 | D:2      | Reached XP level 3. HP: 21/24 MP: 1/6
   967 | D:2      | Found a blossoming altar of Fedhas.
  1156 | D:2      | Noticed Jessica
  1168 | D:2      | Slain by Jessica

Levels and vault maps discovered:
D:1:      dpeg_arrival_rooms_c, layout_loops_corners, cheibriados_altar_1
D:2:      layout_basic, fedhas_ov_isle_minmay, uniq_crazy_yiuf_cottage,
          uniq_jessica

Skill      XL: |  1  2  3 |
---------------+----------+-----
Fire Magic     | 3 |  3.2
Conjurations   | 2 |  2.1
Dodging        | |  1.7
Stealth        | |  1.7
Spellcasting   | |  2.6

Action                   || total
-------------------------++-------
Melee: Unarmed           ||     4
       Dagger            ||    29
       Kick              ||     6
       Long sword        ||     4
 Cast: Flame Tongue      ||    56
  Use: Potion            ||     1
  Eat: Chunk             ||     1
Armor: Robe              ||     8
Dodge: Dodged            ||    46
       Rpst.: Long sword ||     3

Table legend:
 A = Non-vault XP
 B = Vault XP
 C = Vault XP percentage of total XP
 D = Non-vault monster count
 E = Vault monster count
 F = Vault count percentage of total count
                 A         B        C        D         E       F
            +---------+---------+-------+---------+---------+-------
      Total |      73 |       0 |   0.0 |      37 |       0 |   0.0
            +---------+---------+-------+---------+---------+-------
        D:1 |      29 |       0 |   0.0 |      20 |       0 |   0.0
        D:2 |      44 |       0 |   0.0 |      17 |       0 |   0.0
            +---------+---------+-------+---------+---------+-------
